Map: Ruines d’Endion

Players

zidar - Winner!

  • Race: Zerg Zerg
  • League: Gold
  • Spawn Location: 5:00

fancy

  • Race: Protoss Protoss
  • Spawn Location: 7:00

VOD

Have the link to the VOD?

Description

Time

  • Played on: June 26, 2016, 8:57 a.m.
  • Length: 12:14
Show
View Real Time Build Order
Export as new Build Order

zidar Zerg - Winner!

Build Orders: Pool First 

Get SALT Encoding   

  12  0:01  Drone  
  13  0:12  Overlord  
  13  0:18  Drone  
  14  0:31  Drone x2  
  16  0:44  Spawning Pool  
  16  0:47  Drone  
  16  1:12  Hatchery  
  16  1:15  Drone  
  16  1:19  Extractor  
  15  1:32  Queen  
  17  1:43  Overlord  
  17  1:44  Drone  
  18  1:58  Drone x2  
  20  2:07  Queen  
  22  2:15  Zergling x2  
  23  2:18  Metabolic Boost  
  24  2:22  Zergling x2  
  24  2:45  Zergling x10  
  24  2:50  Drone  
  24  2:51  Drone  
  30  2:53  Drone  
  31  3:03  Zergling x2  
  31  3:04  Zergling x2  
  33  3:17  Overlord  
  33  3:18  Overlord  
  33  3:21  Zergling x2  
  33  3:22  Zergling x2  
  35  3:41  Zergling x12  
  41  4:02  Zergling x8  
  45  4:11  Zergling x8  
  49  4:19  Zergling x4  
  51  4:37  Spore Crawler  
  50  4:40  Spore Crawler  
  37  5:01  Lair  
  37  5:04  Drone  
  37  5:05  Drone x7  
  34  5:23  Extractor  
  34  5:25  Drone  
  35  5:28  Drone x5  
  35  5:34  Queen  
  41  5:55  Roach Warren  
  40  6:10  Queen  
  41  6:19  Hydralisk Den, Drone  
  39  6:54  Drone x3  
  39  6:55  Extractor, Drone x5  
  39  6:56  Drone x4  
  39  7:01  Extractor  
  49  7:38  Overlord x3  
  49  8:00  Hydralisk  
  49  8:01  Hydralisk x8  
  67  8:06  Overlord  
  67  8:30  Hatchery  
  67  8:33  Muscular Augments  
  66  8:39  Hydralisk x5  
  76  8:43  Overlord x7  
  76  9:22  Hatchery  
  73  9:32  Hydralisk x10  
  93  10:00  Hydralisk x5  
  103  10:27  Evolution Chamber  
  103  10:28  Evolution Chamber  
  101  10:34  Zergling x2  
  101  10:35  Zergling x20  
  112  10:49  Hydralisk x2  
  116  11:11  Zergling x2  
  116  11:12  Zergling x10  
  122  11:34  Zergling x12  
  122  11:35  Zergling x6  
Show
View Real Time Build Order
Export as new Build Order

fancy Protoss 

Build Orders: Oracle Opening 

Get SALT Encoding   

  12  0:00  Probe (Chrono Boost)  
  13  0:11  Probe (Chrono Boost)  
  14  0:17  Pylon  
  14  0:22  Probe (Chrono Boost)  
  15  0:36  Gateway  
  15  0:38  Probe (Chrono Boost)  
  15  0:42  Assimilator  
  16  0:48  Assimilator  
  16  0:55  Pylon  
  16  0:58  Probe (Chrono Boost)  
  17  1:09  Probe (Chrono Boost)  
  18  1:23  Cybernetics Core  
  18  1:27  Probe (Chrono Boost)  
  19  1:35  Gateway  
  19  1:40  Probe (Chrono Boost)  
  20  1:53  Probe (Chrono Boost)  
  21  2:03  Stargate  
  21  2:05  Warp Gate  
  23  2:09  Mothership Core (Chrono Boost)  
  23  2:25  Sentry  
  23  2:27  Probe (Chrono Boost)  
  26  2:38  Probe (Chrono Boost)  
  27  2:54  Stargate  
  27  3:10  Pylon  
  27  3:21  Oracle (Chrono Boost)  
  27  3:24  Nexus  
  27  3:26  Assimilator  
  30  3:35  Probe  
  31  3:54  Probe  
  32  3:58  Pylon  
  32  3:59  Void Ray (Chrono Boost)  
  36  4:06  Probe  
  41  4:19  Void Ray (Chrono Boost)  
  14  5:02  Probe (Chrono Boost)  
  15  5:13  Probe (Chrono Boost)  
  16  5:23  Probe (Chrono Boost)  
  17  5:34  Probe (Chrono Boost)  
  18  5:44  Probe (Chrono Boost)  
  19  5:55  Probe (Chrono Boost)  
  20  6:03  Pylon x2  
  20  6:05  Probe (Chrono Boost), Pylon  
  21  6:16  Probe (Chrono Boost)  
  22  6:26  Probe (Chrono Boost)  
  23  6:37  Probe (Chrono Boost)  
  24  6:48  Probe (Chrono Boost)  
  25  7:10  Nexus  
  25  7:50  Probe (Chrono Boost)  
  26  7:54  Pylon  
  26  7:55  Pylon  
  26  7:57  Pylon  
  26  8:00  Probe (Chrono Boost)  
  27  8:11  Probe (Chrono Boost)  
  28  8:22  Probe (Chrono Boost)  
  29  8:44  Probe x2 (Chrono Boost)  
  31  8:51  Forge  
  31  8:54  Pylon  
  31  8:55  Probe x2 (Chrono Boost)  
  33  9:08  Probe x2 (Chrono Boost)  
  35  9:18  Probe x2 (Chrono Boost)  
  37  9:29  Probe (Chrono Boost)  
  38  9:33  Probe (Chrono Boost)  
  39  9:39  Probe (Chrono Boost)  
  39  9:43  Probe (Chrono Boost)  
  39  9:44  Protoss Ground Weapons Level 1 (Chrono Boost)  
  33  9:50  Photon Cannon  
  33  9:52  Photon Cannon  
  33  9:54  Photon Cannon  
  33  9:58  Probe  
  34  10:11  Probe x2 (Chrono Boost)  
  36  10:22  Probe (Chrono Boost)  
  36  10:25  Probe (Chrono Boost)  
  36  10:27  Assimilator  
  38  10:32  Probe (Chrono Boost)  
  39  10:36  Gateway x2  
  39  10:38  Gateway  
  39  10:42  Gateway  
  39  10:47  Probe  
  37  10:54  Pylon  
  37  10:59  Probe, Photon Cannon  
  37  11:01  Zealot x2  
  42  11:26  Gateway  
  42  11:29  Gateway  
  42  11:42  Probe (Chrono Boost)  
  42  11:46  Gateway  
Tags
 
Add a new tag
Caveats
  • Supply blocks, unpowered buildings, or Contaminate may cause inaccurate times.
  • Supply counts are checked every 10 seconds.